 Dungeon Crawl Stone Soup version 0.29.1-2-gbd0b4ee654 (webtiles) character file.

Game seed: 6637957423070494332

54 KittyFluff the Trooper (level 3, -1/24 HPs)
             Began as a Gargoyle Berserker on Nov 23, 2022.
             Was a Believer of Trog.
             Slain by a worm (9 damage)
             ... on level 2 of the Dungeon.
             The game lasted 00:07:58 (1568 turns).

KittyFluff the Trooper (Gargoyle Berserker)         Turns: 1568, Time: 00:07:59

Health: -1/24      AC:  5    Str: 20    XL:     3   Next: 91%
Magic:  3/3        EV: 12    Int:  7    God:    Trog [**....]
Gold:   96         SH:  0    Dex: 11    Spells: 2/2 levels left

rFire   . . .      SeeInvis .   a - +0 mace
rCold   . . .      Faith    .   (no shield)
rNeg    + . .      Spirit   .   b - +0 animal skin
rPois   ∞          Reflect  .   (no helmet)
rElec   +          Harm     .   (no cloak)
rCorr   .          Rampage  .   (no gloves)
Will    .....                   (no boots)
Stlth   +.........              (no amulet)
HPRegen 0.08/turn               (no ring)
MPRegen 0.08/turn               (no ring)

@: no status effects
A: sickness immunity, AC +3, negative energy resistance 1, electricity
resistance, torment resistance 1, petrification resistance
a: Renounce Religion, Berserk, Trog's Hand


You were on level 2 of the Dungeon.
You worshipped Trog.
Trog was pleased with you.
You visited 1 branch of the dungeon, and saw 2 of its levels.

You collected 96 gold pieces.

Inventory:

Hand Weapons
 a - a +0 mace (weapon)
Armour
 b - a +0 animal skin (worn)
 e - a +0 leather armour
Scrolls
 d - 2 scrolls of identify {unknown}
 f - a scroll of blinking {unknown}
Potions
 c - a potion of haste {unknown}


   Skills:
 + Level 4.0 Fighting
 + Level 3.6 Maces & Flails
 * Level 2.6 Armour
 + Level 1.9 Dodging
 + Level 0.5 Stealth


You had 2 spell levels left.
You didn't know any spells.
Your spell library was empty.

Dungeon Overview and Level Annotations

Branches:
Dungeon (2/15)

Altars:

Shops:
D:1 :


Innate Abilities, Weirdness & Mutations

You are immune to sickness and miasma.
Your stone body is resilient. (AC +3)
You are immune to poison.
You resist negative energy. (rN+)
You are resistant to electric shocks. (rElec)
You are resistant to unholy torment.
You are immune to petrification.


Message History

The rat barely misses you.
You hit the rat but do no damage.
The rat is moderately wounded.
The rat barely misses you.
You thump the rat!
You kill the rat!
Trog accepts your kill. The frilled lizard barely misses you.
You hit the frilled lizard.
You kill the frilled lizard!
Trog accepts your kill.
You hit the endoplasm.
The endoplasm is severely wounded.
The endoplasm freezes you.
You are frozen.
You thump the endoplasm!
You kill the endoplasm!
Trog accepts your kill.
You barely miss the worm. The worm bites you but does no damage.
You hit the worm.
The worm is lightly wounded.
You sock the worm!
The worm is severely wounded.
The worm bites you.
You sock the worm!
You kill the worm!
Trog accepts your kill.
You hit the worm.
The worm is lightly wounded.
The worm closely misses you.
You hit the worm.
The worm is lightly wounded.
You sock the worm!
The worm is severely wounded.
The worm bites you!
* * * LOW HITPOINT WARNING * * *
You hit the worm.
The worm is severely wounded.
The worm bites you!
You die...

...##.# ##...#.#
#......# ######...# #+#
##.......#
#.###..#...#.#
#.##..###..#.#
##.##.##!##.#.#
##......#.w@...##
######....#.##.##.#..##
.......).####...####..#
.....##.##[...!...?##.#
.###.....####.[.####..#
#####..#.##.##.#..## .
#.....#.#....##
.#######....##!##.###
.........##..###..#


You could see a worm.

Vanquished Creatures
  2 worms (D:2)
  2 dart slugs (D:1)
  6 bats (D:1)
  7 endoplasms
  A giant cockroach (D:2)
  A hobgoblin (D:2)
  7 kobolds
  A quokka (D:1)
  6 ball pythons
  5 frilled lizards
  3 goblins
  5 rats
46 creatures vanquished.

Notes
Turn   | Place    | Note
-------+----------+-------------------------------------------
     0 | D:1      | KittyFluff the Gargoyle Berserker began the quest for the
                  | Orb.
     0 | D:1      | Reached XP level 1. HP: 14/14 MP: 1/1
    30 | D:1      | Reached XP level 2. HP: 16/19 MP: 2/2
   116 | D:1      | Found Debot's Book Shoppe.
   507 | D:1      | Found a faded altar of an unknown god.
   511 | D:1      | Reached XP level 3. HP: 21/24 MP: 3/3
   541 | D:1      | Reached ** piety under Trog
   807 | D:1      | Reached skill level 4 in Fighting
  1568 | D:2      | Slain by a worm

Illustrated notes

Levels and vault maps discovered:
D:1:      nzn_arrival_settlement, layout_basic,
          hellmonk_ecumenical_altar_leap_of_faith, serial_shops,
          nicolae_shop_advertising_works [nicolae_subvault_shop_adworks],
          amcnicky_mini_corridor_feature, skrybe_limestone_x,
          grunt_decor_fettered, minmay_misc_feat_more_columns
D:2:      layout_loops_corners, minmay_fractal_squares_gapless_5,
          uniq_crazy_yiuf_cottage

Skill      XL: |  1  2  3 |
---------------+----------+-----
Fighting       | 4 |  4.0
Maces & Flails | |  3.6
Armour         | |  2.6
Dodging        | |  1.9
Stealth        | |  0.5

Action                   || total
-------------------------++-------
Melee: Mace              ||   147
  Use: Scroll            ||     1
Armor: Animal skin       ||    50
Dodge: Dodged            ||    85
